 Dungeon Crawl Stone Soup version 0.28-b1-1-g3c77fb2ed1 (webtiles) character file.

Game seed: 895566444350972042

158 cayde69 the Chopper (level 5, 39/46 HPs)
             Began as a Hill Orc Fighter on Jan 31, 2022.
             Was a Believer of Zin.
             Quit the game on level 2 of the Dungeon.
             The game lasted 00:06:07 (2115 turns).

cayde69 the Chopper (Hill Orc Fighter)              Turns: 2115, Time: 00:06:08

Health: 39/46      AC:  8    Str: 21    XL:     5   Next: 40%
Magic:  5/5        EV:  9    Int:  8    God:    Zin [**....]
Gold:   82         SH:  4    Dex: 10    Spells: 4/4 levels left

rFire   . . .      SeeInvis .   a - +0 war axe
rCold   . . .      Faith    .   c - +0 buckler
rNeg    . . .      Spirit   .   b - +0 scale mail
rPois   .          Reflect  .   (no helmet)
rElec   .          Harm     .   (no cloak)
rCorr   .          Rampage  .   e - +0 pair of gloves
Will    .....                   (no boots)
Stlth   ..........              (no amulet)
HPRegen 0.15/turn               (no ring)
MPRegen 0.09/turn               (no ring)

@: mildly poisoned (39 -> 38)
A: no striking features
a: Renounce Religion, Recite, Vitalisation, Donate Gold


You were on level 2 of the Dungeon.
You worshipped Zin.
Zin was pleased with you.
You visited 1 branch of the dungeon, and saw 2 of its levels.

You collected 164 gold pieces.
You spent 66 gold pieces at shops.
You donated 16 gold pieces to Zin.

Inventory:

Hand Weapons
 a - a +0 war axe (weapon)
 p - a +0 spear
Missiles
 j - 5 boomerangs of dispersal (quivered)
Armour
 b - a +0 scale mail (worn)
 c - a +0 buckler (worn)
 e - a +0 pair of gloves (worn)
 i - a +0 leather armour
 l - a +0 scale mail
Magical Staves
 f - a staff of fire
Scrolls
 g - a scroll of fear {unknown}
 h - a scroll of teleportation {unknown}
 m - a scroll of enchant weapon {unknown}
 n - a scroll of identify {unknown}
Potions
 d - a potion of might
 k - a potion of curing {unknown}
 o - 2 potions of resistance {unknown}


   Skills:
 - Level 3.8 Fighting
 * Level 5.9 Axes
 + Level 4.1 Armour
 + Level 0.1 Dodging
 + Level 3.8 Shields


You had 4 spell levels left.
You didn't know any spells.
Your spell library contained the following spells:

 Spells                   Type           Power      Damage    Failure   Level
 Animate Skeleton         Necr           0%         N/A       83%         1
 Apportation              Tloc           0%         N/A       83%         1
 Summon Small Mammal      Summ           0%         N/A       83%         1


Dungeon Overview and Level Annotations

Branches:
Dungeon (2/15)

Altars:
Zin

Shops:
D:2 (


Message History

No target in view!
You feel sick.
You feel sick.
You feel sick.
You feel sick.
You are no longer poisoned.
You now have 82 gold pieces (gained 2).
Things that are here:
a +0 dagger of venom; a hobgoblin corpse An adder comes into view.
The adder hisses angrily.
You closely miss the adder. You block the adder's attack.
You hit the adder but do no damage. You block the adder's attack.
The adder bites you.
You closely miss the adder. The adder closely misses you.
You closely miss the adder. The adder closely misses you.
The adder bites you but does no damage.
You closely miss the adder. The adder bites you but does no damage.
The adder closely misses you.
You barely miss the adder. The adder bites you but does no damage.
You closely miss the adder. The adder bites you but does no damage.
The adder barely misses you.
You closely miss the adder. The adder bites you but does no damage.
You closely miss the adder. The adder bites you.
You are poisoned.
The adder poisons you! You block the adder's attack.
You miss the adder.
You feel sick. The adder bites you but does no damage.
You slash the adder!
The adder is almost dead.
You feel sick. The adder closely misses you.
The adder bites you but does no damage.
You hit the adder.
You kill the adder!
You feel sick.
No target in view!
No target in view!
No target in view!
No target in view!
No target in view!
Are you sure you want to abandon this character and quit the game? (Confirm with "yes".)

.# .. .# ### .. ###.#
#. ###...##
#.###...#..#
#†#...####.##
#.@.###.....#
##.##....##.##
#..#.....#.)# ..
#..##.##....##.##...#
#...#..#..###.....#
#...##.####...#####
#....#..#...###...#
#....##...####...##
#.....#.#####....#


There were no monsters in sight!

Vanquished Creatures
  Jessica (D:1)
  4 adders (D:2)
  5 gnolls
  A worm (D:1)
  3 dart slugs
  2 endoplasms (D:1)
  2 giant cockroaches
  4 goblins
  2 hobgoblins
  3 kobolds
  A quokka (D:1)
  3 ball pythons (D:1)
  7 bats
  3 frilled lizards
  8 rats
  2 toadstools (D:1)
51 creatures vanquished.

Vanquished Creatures (others)
  3 fungi (D:1)
  2 plants (D:1)
  4 toadstools (D:1)
9 creatures vanquished.

Grand Total: 60 creatures vanquished

Notes
Turn   | Place    | Note
-------+----------+-------------------------------------------
     0 | D:1      | cayde69 the Hill Orc Fighter began the quest for the Orb.
     0 | D:1      | Reached XP level 1. HP: 19/19 MP: 1/1
   134 | D:1      | Reached skill level 3 in Axes
   134 | D:1      | Reached XP level 2. HP: 25/27 MP: 2/2
   451 | D:1      | Reached XP level 3. HP: 33/33 MP: 3/3
   780 | D:1      | Found a faded altar of an unknown god.
   818 | D:1      | Prayed at the altar of an unknown god.
   818 | D:1      | Became a worshipper of Zin the Law-Giver
   818 | D:1      | Reached * piety under Zin
   818 | D:1      | Reached ** piety under Zin
  1142 | D:2      | Noticed Jessica
  1150 | D:1      | Reached skill level 4 in Axes
  1153 | D:1      | Killed Jessica
  1154 | D:1      | Reached XP level 4. HP: 11/40 MP: 4/4
  1467 | D:2      | Reached skill level 5 in Axes
  1478 | D:2      | Reached XP level 5. HP: 15/46 MP: 5/5
  1748 | D:2      | Found Lenif's Antique Weapon Emporium.
  1860 | D:2      | Bought a spear for 66 gold pieces
  2115 | D:2      | Quit the game

Illustrated notes

Levels and vault maps discovered:
D:1:      eino_arrival_water_cross, layout_basic, ebering_ecumenical_altar_hall,
          minmay_gold_behind_fungi, minmay_misc_feat_columns, bh_walls_and_bars
D:2:      minmay_skewed_foursquare, layout_rooms, serial_shops, shop,
          uniq_jessica

Skill      XL: |  1  2  3  4 |
---------------+-------------+-----
Axes           | 3 4 5 |  5.9
Armour         | 4 |  4.1
Fighting       | |  3.8
Dodging        | |  0.1
Shields        | |  3.8

Action                   |  1- 3 |  4- 6 || total
-------------------------+-------+-------++-------
Melee: War axe           |    52 |    83 ||   135
Armor: Scale mail        |    21 |    44 ||    65
Dodge: Dodged            |    17 |    57 ||    74
Block: Buckler           |    10 |    28 ||    38
